 Dungeon Crawl Stone Soup version 0.21.1-1-g345015fe64 (webtiles) character file.

74 Revguard the Gusty (level 4, -5/35 HPs)
             Began as a Draconian Air Elementalist on June 15, 2018.
             Slain by a gnoll
             ... wielding a +0 halberd
              (8 damage)
             ... on level 2 of the Dungeon.
             The game lasted 00:08:46 (930 turns).

Revguard the Gusty (Draconian Air Elementalist)      Turns: 930, Time: 00:08:47

Health: -5/35      AC:  5    Str: 11    XL:     4   Next: 9%
Magic:  0/7        EV: 12    Int: 15    God:
Gold:   69         SH:  0    Dex: 12    Spells: 1/7 levels left

rFire    . . .     SeeInvis .   e - +0 spear
rCold    . . .     Gourm    .   (no shield)
rNeg     . . .     Faith    .   (armour unavailable)
rPois    .         Spirit   .   (helmet restricted)
rElec    .         Reflect  .   (no cloak)
rCorr    .         Harm     .   (no gloves)
MR       .....                  (no boots)
Stlth    ++........             (no amulet)
HPRegen  0.11/turn              (no ring)
MPRegen  0.10/turn              (no ring)

@: no status effects
A: unfitting armour, cold-blooded, AC +5
a: no special abilities


You were on level 2 of the Dungeon.
You were very hungry.

You visited 1 branch of the dungeon, and saw 2 of its levels.

You collected 69 gold pieces.

Inventory:

Hand Weapons
 e - a +0 spear (weapon)
Scrolls
 c - a scroll of enchant armour {unknown}
 h - a scroll of teleportation {unknown}
Potions
 d - a potion of haste {unknown}
 f - a potion of lignification {unknown}
 g - a potion of invisibility {unknown}
 i - a potion of heal wounds {unknown}
 j - a potion of curing {unknown}
Books
 a - a book of Air

   Spells                             Type                      Level
   a - Shock                          Conjuration/Air              1
   b - Swiftness                      Charms/Air                   2
   c - Static Discharge               Conjuration/Air              3
   d - Airstrike                      Air                          4
   e - Lightning Bolt                 Conjuration/Air              5
Comestibles
 b - 3 rations


   Skills:
 * Level 1.5 Fighting
 * Level 1.8 Polearms
 + Level 2.0 Dodging
 + Level 2.0 Stealth
 * Level 2.3 Spellcasting
 + Level 1.3 Conjurations
 * Level 0.1 Charms
 + Level 3.4 Air Magic


You had one spell level left.
You knew the following spells:

 Your Spells              Type           Power        Failure   Level  Hunger
a - Shock                 Conj/Air       #...         9%          1    #......
b - Swiftness             Chrm/Air       #.......     16%         2    ###....
c - Static Discharge      Conj/Air       #.......     24%         3    ###....


Dungeon Overview and Level Annotations

Branches:
Dungeon (2/15)

Altars:


Innate Abilities, Weirdness & Mutations

Your plain brown scales are hard. (AC +5)
You cannot fit into any form of body armour.
You are cold-blooded and may be slowed by cold attacks.


Message History

You open the door.
A frilled lizard comes into view.
The gnoll hits you but does no damage.
Found 24 stones and 14 bolts.
There is an open door here.
The frilled lizard misses you.
Casting: Shock
Confirm with . or Enter, or press ? or * to list all spells.
Aiming: Shock
Press: ? - help, Shift-Dir - straight line, f/p - gnoll
Aim: a gnoll, wielding a club (heavily wounded)
The zap misses the frilled lizard.
The zap hits the gnoll.
The gnoll is severely wounded.
The zap misses the gnoll.
The frilled lizard bites you.
* * * LOW HITPOINT WARNING * * *
The frilled lizard bites you but does no damage.
The gnoll hits you with a club.
* * * LOW HITPOINT WARNING * * *
The gnoll hits you from afar with a halberd!
You die...

#.# .....
####'######
..###
#.........##
..
#....(......
#......(..##
#.........#
#.........#
####gg.####
#.l@# #.###
#...# #....
#...# #.###
#...# #...#
#...# #####


You could see 2 gnolls and a frilled lizard.

Vanquished Creatures
  2 gnolls (D:2)
  A dart slug (D:1)
  5 leopard geckos
  A bat (D:1)
  3 giant cockroaches (D:1)
  6 goblins
  5 hobgoblins (D:1)
  7 jackals (D:1)
  3 frilled lizards
  5 kobolds (D:1)
  5 rats (D:1)
43 creatures vanquished.

Notes
Turn   | Place    | Note
-------+----------+-------------------------------------------
     0 | D:1      | Revguard the Draconian Air Elementalist began the quest for the Orb.
     0 | D:1      | Reached XP level 1. HP: 14/14 MP: 3/3
   109 | D:1      | Reached XP level 2. HP: 22/22 MP: 1/5
   133 | D:1      | Learned a level 2 spell: Swiftness
   184 | D:1      | Reached skill level 1 in Fighting
   263 | D:1      | Reached skill level 1 in Polearms
   365 | D:1      | Reached XP level 3. HP: 15/28 MP: 1/6
   510 | D:1      | Learned a level 3 spell: Static Discharge
   875 | D:2      | Reached XP level 4. HP: 8/35 MP: 0/7
   930 | D:2      | Slain by a gnoll

Skill      XL: |  1  2 |
---------------+-------+-----
Fighting       | 1 |  1.5
Polearms       | 1 |  1.8
Dodging        | 2 |  2.0
Stealth        | 2 |  2.0
Spellcasting   | |  2.3
Conjurations   | |  1.3
Charms         | |  0.1
Air Magic      | |  3.4

Action                   |  1- 3 |  4- 6 || total
-------------------------+-------+-------++-------
Melee: Spear             |    51 |     4 ||    55
       Tailslap          |     7 |     1 ||     8
 Cast: Shock             |    44 |     6 ||    50
       Static Discharge  |     3 |       ||     3
       Swiftness         |     1 |       ||     1
 Stab: Distracted        |     1 |       ||     1
Armor: Skin              |    13 |     8 ||    21
Dodge: Dodged            |    68 |    10 ||    78
